 Dungeon Crawl Stone Soup version 0.29-a0-582-ge82337ba6a (webtiles) character file.

Game seed: 9503448232068778932

1312 tilp the Purveyor of Pain (level 8, -1/60 HPs)
             Began as a Mummy Necromancer on June 14, 2022.
             Was an Initiate of Kikubaaqudgha.
             Slain by a killer bee zombie (4 damage)
             ... on level 6 of the Dungeon.
             The game lasted 00:10:42 (7425 turns).

tilp the Purveyor of Pain (Mummy Necromancer)       Turns: 7425, Time: 00:10:42

Health: -1/60      AC:  5    Str: 11    XL:     8   Next: 32%
Magic:  15/15      EV: 12    Int: 16    God:    Kikubaaqudgha [......]
Gold:   241        SH:  0    Dex: 13    Spells: 9/17 levels left

rFire   . . .      SeeInvis .   a - +1 hand axe (drain)
rCold   + . .      Faith    .   (no shield)
rNeg    + + +      Spirit   .   e - +0 robe
rPois   ∞          Reflect  .   k - +0 helmet
rElec   .          Harm     .   h - +0 cloak
rCorr   .          Rampage  .   q - +0 pair of gloves
Will    +....                   (no boots)
Stlth   ++........              (no amulet)
HPRegen 0.20/turn               c - ring of protection from fire
MPRegen 0.14/turn               s - ring of flight

@: flying
A: cold resistance 1, negative energy resistance 3, torment resistance 2, heat
vulnerability 1, in touch with death 1, no potions
a: Renounce Religion


You were on level 6 of the Dungeon.
You worshipped Kikubaaqudgha.
Kikubaaqudgha was noncommittal.
You visited 2 branches of the dungeon, and saw 7 of its levels.

You collected 241 gold pieces.

Inventory:

Hand Weapons
 a - a +1 hand axe of draining (weapon)
 b - a +0 short sword
 u - the +3 dagger "Ekosotaw" {flame, *Noise Fly rPois Dex-5}
   (You found it on level 5 of the Dungeon)

   It burns those it strikes, dealing additional fire damage.
   Dex:       It affects your dexterity (-5).
   rPois:     It protects you from poison.
   Fly:       It grants you flight.
   *Noise:    It may make noises in combat.
Missiles
 i - 3 poisoned darts
 m - 5 silver javelins
 p - 76 stones (quivered)
 r - 3 boomerangs
 w - 2 javelins
Armour
 e - a +0 robe (worn)
 h - a +0 cloak (worn)
 k - a +0 helmet (worn)
 q - a +0 pair of gloves (worn)
Jewellery
 c - a ring of protection from fire (left hand)
 s - a ring of flight (right hand)
 v - an amulet of guardian spirit
Wands
 l - a wand of flame (10)
 t - a wand of digging (3)
Scrolls
 d - 2 scrolls of fog
 g - 2 scrolls of enchant weapon
 j - 3 scrolls of teleportation {unknown}
 n - 2 scrolls of amnesia {unknown}
 o - 2 scrolls of acquirement {unknown}


   Skills:
 * Level 4.0 Fighting
 + Level 3.0 Dodging
 + Level 3.0 Stealth
 + Level 5.0 Spellcasting
 * Level 8.0 Necromancy
 * Level 2.0 Evocations


You had 9 spell levels left.
You knew the following spells:

 Your Spells              Type           Power      Damage    Failure   Level
a - Necrotize             Necr           100%       1d9       1%          1
b - Vampiric Draining     Necr           44%        2d9       1%          3
c - Animate Dead          Necr           44%        N/A       5%          4

Your spell library contained the following spells:

 Spells                   Type           Power      Damage    Failure   Level
 Magic Dart               Conj           16%        1d3       16%         1
 Agony                    Necr           44%        N/A       16%         5
 Searing Ray              Conj           8%         2d4       22%         2
 Fulminant Prism          Conj/Hex       2%         3d6       83%         4
 Conjure Ball Lightning   Conj/Air       2%         3x3d6     100%        6
 Discord                  Hex            2%         N/A       100%        8
 Disjunction              Tloc           2%         N/A       100%        8


Dungeon Overview and Level Annotations

Branches:
Dungeon (6/15)             Temple (1/1) D:4

Altars:
Cheibriados
Elyvilon
Hepliaklqana
Kikubaaqudgha
Nemelex Xobeh
Trog
Vehumet
Xom
Zin
The Shining One

Shops:
D:3 [

Annotations:
D:6 2 runed translucent doors, NigelTetley's ghost, novice OpTm


Innate Abilities, Weirdness & Mutations

You are immune to poison.
Your flesh is cold resistant. (rC+)
You are immune to negative energy. (rN+++)
You are immune to unholy pain and torment.
You are vulnerable to heat. (rF-)
You are in touch with the powers of death.
You do not drink.


Message History

As you read the scroll of fog, it crumbles to dust.
The scroll dissolves into smoke.
The killer bee zombie hits you.
* * * LOW HITPOINT WARNING * * *
Unknown command.
You hit the killer bee zombie.
The killer bee zombie is lightly damaged.
The killer bee zombie misses you. x2
You slash the killer bee zombie!
The killer bee zombie is heavily damaged.
The killer bee zombie hits you but does no damage.
The killer bee zombie hits you.
* * * LOW HITPOINT WARNING * * *
The killer bee zombie misses you.
You hit the killer bee zombie.
The killer bee zombie is severely damaged.
You hit the phantom.
The killer bee zombie closely misses you.
The phantom closely misses you. The killer bee zombie hits you.
* * * LOW HITPOINT WARNING * * *
You closely miss the killer bee zombie.
The killer bee zombie is severely damaged.
You hit the phantom but do no damage.
The killer bee zombie barely misses you.
The phantom barely misses you.
The killer bee zombie closely misses you.
The phantom hits you but does no damage.
The killer bee zombie misses you.
Unknown command.
You slash the killer bee zombie!
The killer bee zombie is almost destroyed.
You hit the phantom but do no damage.
The killer bee zombie closely misses you.
The phantom hits you but does no damage.
The killer bee zombie barely misses you.
Unknown command.
You hit the killer bee zombie.
The killer bee zombie is almost destroyed.
You miss the phantom. The killer bee zombie hits you.
You die...
Kikubaaqudgha rasps: "You have failed me!
Welcome... oblivion!"

###### #.##.# #.##
###### #?##.# #.#
......
#######.##Z###)#
######
.........!..##.#
.......W....#..#
#######§###.#.## #§#
#...# #W# #..## #@#
#..# #Z# #.##
###§###.#
#########.......#
#..≈..P##.#.###.#
#...≈≈..#.#.# #.#
#§§§≈≈....#.# #.#
#####§§§≈§.##.#.###.#
#..§§§§≈≈.....#.##ZZ#


You could see a phantom and a killer bee zombie.

Vanquished Creatures
  An orc warrior (D:6)
  An ice beast (D:4)
  A black bear (D:6)
  An ogre (D:5)
  2 phantoms (D:4)
  A necrophage (D:5)
  3 scorpions
  A bullfrog zombie (D:6)
  An orc priest (D:4)
  Terence (D:2)
  An iguana (D:5)
  3 orc wizards (D:6)
  A killer bee zombie (D:6)
  Robin (D:2)
  A howler monkey zombie (D:6)
  2 gnolls (D:5)
  10 adders
  An ufetubus (D:5)
  3 worms
  3 dart slugs
  11 orcs
  2 bats
  8 endoplasms
  2 giant cockroaches
  12 goblins
  13 hobgoblins
  5 quokkas
  6 ball pythons
  13 frilled lizards
  A kobold (D:2)
  5 rats
117 creatures vanquished.

Vanquished Creatures (collateral kills)
  An orc wizard (D:6)
  2 killer bee zombies (D:6)
  A gnoll (D:5)
  A howler monkey skeleton (D:6)
  An orc zombie (D:6)
  An orc (D:6)
  A goblin (D:4)
  2 hobgoblins
  3 frilled lizards (D:1)
  A kobold (D:4)
14 creatures vanquished.

Vanquished Creatures (others)
  A black bear zombie (D:6)
  An adder zombie (D:6)
  3 orc zombies (D:6)
  6 plants (D:1)
  9 withered plants (D:6)
20 creatures vanquished.

Grand Total: 151 creatures vanquished

Notes
Turn   | Place    | Note
-------+----------+-------------------------------------------
     0 | D:1      | tilp the Mummy Necromancer began the quest for the Orb.
     0 | D:1      | Reached XP level 1. HP: 13/13 MP: 4/4
   129 | D:1      | Reached XP level 2. HP: 20/20 MP: 1/5
   288 | D:1      | Found a faded altar of an unknown god.
   388 | D:1      | Reached skill level 1 in Fighting
   784 | D:1      | Gained mutation: You are in touch with the powers of death.
                  | [Mummy growth]
   784 | D:1      | Reached XP level 3. HP: 26/26 MP: 1/7
  1745 | D:2      | Reached XP level 4. HP: 33/33 MP: 4/8
  1749 | D:2      | Learned a level 3 spell: Vampiric Draining
  1787 | D:2      | Noticed Robin
  1810 | D:2      | Killed Robin
  1935 | D:2      | Noticed Terence
  1942 | D:2      | Killed Terence
  1943 | D:2      | Reached skill level 5 in Necromancy
  2001 | D:2      | Found a sparkling altar of Nemelex Xobeh.
  2554 | D:3      | Reached XP level 5. HP: 37/38 MP: 3/9
  2868 | D:3      | Found Neuduludd's Antique Armour Boutique.
  3333 | D:4      | Learned a level 4 spell: Animate Dead
  3482 | D:4      | Reached skill level 6 in Necromancy
  3632 | D:4      | Noticed a phantom
  3685 | D:4      | Noticed a phantom
  3685 | D:4      | Noticed an ice beast
  3705 | D:4      | Killed an ice beast
  3706 | D:4      | Reached XP level 6. HP: 45/46 MP: 2/10
  3737 | D:4      | Found a staircase to the Ecumenical Temple.
  3747 | D:4      | Reached skill level 1 in Evocations
  3910 | Temple   | Entered the Ecumenical Temple
  4238 | Temple   | Became a worshipper of Kikubaaqudgha
  4659 | D:4      | Reached XP level 7. HP: 52/52 MP: 5/12
  4751 | D:5      | Entered Level 5 of the Dungeon
  4917 | D:5      | Identified the +3 dagger "Ekosotaw" {flame, *Noise Fly
                  | rPois Dex-5}
  6243 | D:6      | Reached skill level 7 in Necromancy
  6564 | D:6      | Reached XP level 8. HP: 50/60 MP: 0/14
  6803 | D:6      | Found a large runed translucent door.
  6803 | D:6      | Found a large runed translucent door.
  6805 | D:6      | Noticed NigelTetley's ghost (novice OpTm)
  7317 | D:6      | Reached skill level 5 in Spellcasting
  7358 | D:6      | HP: 1/60 [bullfrog zombie (3)]
  7361 | D:6      | Reached skill level 8 in Necromancy
  7422 | D:6      | HP: 3/60 [killer bee zombie (3)]
  7425 | D:6      | Slain by a killer bee zombie

Illustrated notes

Levels and vault maps discovered:
D:1:      dpeg_arrival_pits, layout_loops_ring,
          hellmonk_ecumenical_altar_slurped_away, minmay_lizard_king
D:2:      layout_loops_ring, basic_altar, uniq_robin, uniq_terence
D:3:      layout_loops_ring, serial_shops, nicolae_shop_window_shopping
D:4:      layout_gridville, minmay_temple_entry_tees, minmay_circle_x
D:5:      nicolae_cairo_tiling, layout_layer_cave
D:6:      layout_loops_ring, ebering_ghost_disaster_area, serial_undead,
          serial_undead_e, serial_undead_f, serial_undead_e, serial_undead_c,
          serial_undead_b, uniq_menkaure
Temple:   compressed_dpeg_triangle_lava_temple

Skill      XL: |  1  2  3  4  5  6  7  8 |
---------------+-------------------------+-----
Fighting       | 1 2 3 4 |  4.0
Spellcasting   | 3 4 5 |  5.0
Stealth        | 2 3 |  3.0
Dodging        | 2 3 |  3.0
Necromancy     | 5 6 7 8 |  8.0
Evocations     | 1 2 |  2.0

Action                   |  1- 3 |  4- 6 |  7- 9 || total
-------------------------+-------+-------+-------++-------
Melee: Unarmed           |     2 |       |       ||     2
       Short sword       |    11 |     4 |       ||    15
       Hand axe          |       |    72 |   147 ||   219
       Punch             |       |     1 |     2 ||     3
 Cast: Necrotize         |    73 |    94 |    23 ||   190
       Vampiric Draining |       |     4 |    10 ||    14
       Animate Dead      |       |       |     2 ||     2
Evoke: Wand              |       |     5 |     1 ||     6
  Use: Scroll            |     1 |     2 |     3 ||     6
 Stab: Sleeping          |       |     1 |     1 ||     2
Armor: Robe              |     2 |    27 |    63 ||    92
Dodge: Dodged            |    15 |    57 |   170 ||   242

Table legend: (Time is in decaauts)
 A = Elapsed time spent in this place.
 B = Non-inter-level travel time spent in this place.
 C = Inter-level travel time spent in this place.
 D = Time resting spent in this place.
 E = Time spent auto-exploring this place.
 F = Levels seen in this place.
 G = Mean time per level.
                   A        B        C        D        E       F      G
               +--------+--------+--------+--------+--------+-----+--------+
         Total |   7489 |   7170 |    319 |    213 |   5856 |   7 | 1069.9 |
       Dungeon |   7142 |   6865 |    277 |    213 |   5559 |   6 | 1190.3 |
        Temple |    346 |    304 |     42 |      0 |    297 |   1 |  346.0 |
               +--------+--------+--------+--------+--------+-----+--------+

Top non-repeatable levels by time:
     D:5: 1486 daAuts
     D:1: 1269 daAuts
     D:6: 1231 daAuts
     D:2: 1186 daAuts
     D:4: 993 daAuts
     D:3: 975 daAuts
  Temple: 346 daAuts
